 Dungeon Crawl Stone Soup version 0.29-a0-993-g4a18f31a58 (webtiles) character file.

Game seed: 5851628998924045145

89146 Alarak the Devastator (level 15, -35/72 HPs)
             Began as a Deep Elf Conjurer on Aug 2, 2022.
             Was a High Priest of Sif Muna.
             Killed from afar by a frost giant (63 damage)
             ... with a bolt of cold
             ... on level 13 of the Dungeon on Aug 3, 2022.
             The game lasted 03:09:07 (28436 turns).

Alarak the Devastator (Deep Elf Conjurer)          Turns: 28436, Time: 03:09:08

Health: -35/72     AC: 13    Str:  8    XL:     15   Next: 48%
Magic:  35/55      EV: 18    Int: 35    God:    Sif Muna [*****.]
Gold:   1826       SH:  0    Dex: 17    Spells: 7/47 levels left

rFire   + . .      SeeInvis .   e - staff of conjuration
rCold   x . .      Faith    +   (no shield)
rNeg    . . .      Spirit   .   X - +4 robe of Augmentation {Str+4 Int+4 Dex+4}
rPois   +          Reflect  .   u - +3 helmet of Baldness {Regen+ rCorr Stlth+}
rElec   .          Harm     .   P - +1 cloak {rCorr}
rCorr   +          Rampage  .   j - +0 pair of gloves
Will    +....                   (no boots)
Stlth   +++.......              h - amulet of faith
HPRegen 1.02/turn               n - ring of magical power
MPRegen 0.34/turn               I - ring "Qicybewn" {Fire rPois MP+9}

@: about to teleport
A: no striking features
a: Renounce Religion, Channel Magic, Forget Spell, Divine Exegesis


You were on level 13 of the Dungeon.
You worshipped Sif Muna.
Sif Muna was extremely pleased with you.
You visited 3 branches of the dungeon, and saw 20 of its levels.

You collected 2470 gold pieces.
You spent 644 gold pieces at shops.

Inventory:

Hand Weapons
 A - the +8 dagger of Taxation {antimagic, rF+ rC+ Stlth+}
   (You found it on level 5 of the Dungeon)

   It reduces the magical energy of the wielder, and disrupts the spells and
   magical abilities of those it strikes.
   Natural abilities and divine invocations are not affected.
   rF:        It protects you from fire.
   rC:        It protects you from cold.
   Stlth:     It makes you more stealthy.
Armour
 j - a +0 pair of gloves (worn)
 m - a scarf of resistance
 u - the +3 helmet of Baldness (worn) {Regen+ rCorr Stlth+}
   (You found it on level 8 of the Dungeon)

   Regen:     It increases your rate of health regeneration.
   rCorr:     It protects you from acid and corrosion.
   Stlth:     It makes you more stealthy.
 v - a +2 robe of willpower
 x - a +2 hat
 P - a +1 cloak of preservation (worn)
 X - the +4 robe of Augmentation (worn) {Str+4 Int+4 Dex+4}
   (You found it on level 1 of the Lair of Beasts)

   Str:       It affects your strength (+4).
   Int:       It affects your intelligence (+4).
   Dex:       It affects your dexterity (+4).
 Y - a scarf of repulsion
Magical Staves
 e - a staff of conjuration (weapon)
Jewellery
 h - an amulet of faith (around neck)
 n - a ring of magical power (left hand)
 w - a +4 ring of protection
 F - the macabre finger necklace {rN+}
   (You found it on level 4 of the Lair of Beasts)

   [amulet of nothing]

   It enables you to equip an extra ring.
   rN:        It protects you from negative energy.
 I - the ring "Qicybewn" (right hand) {Fire rPois MP+9}
   (You took it off a spriggan on level 5 of the Lair of Beasts)

   [ring of fire]

   It enhances your fire magic.
   rF:        It protects you from fire.
   rC:        It makes you vulnerable to cold.
   rPois:     It protects you from poison.
   MP:        It affects your magic capacity (+9).
 K - a +4 ring of protection
 L - a ring of magical power
 R - a ring of willpower
 U - a ring of protection from fire
 V - a ring of willpower
 W - a ring of resist corrosion
 Z - a ring of fire
Wands
 a - a wand of charming (10)
 l - a wand of mindburst (3)
 q - a wand of polymorph (9)
 B - a wand of iceblast (9)
 Q - a wand of flame (15)
Scrolls
 f - a scroll of poison
 r - 3 scrolls of blinking
 z - 3 scrolls of enchant armour
 C - 4 scrolls of fog
 D - 4 scrolls of identify
 G - 3 scrolls of teleportation
 J - 6 scrolls of fear
 O - 4 scrolls of magic mapping
 T - a scroll of acquirement
Potions
 b - 5 potions of magic
 c - a potion of invisibility
 d - 9 potions of curing
 g - 4 potions of might
 i - a potion of resistance
 k - a potion of lignification {unknown}
 o - 2 potions of haste
 p - 4 potions of heal wounds
 s - 3 potions of flight
 t - 5 potions of cancellation
 M - 2 potions of brilliance
 N - 10 potions of ambrosia


   Skills:
 - Level 10.6 Dodging
 - Level 2.4 Stealth
 + Level 16.8 Spellcasting
 - Level 19.7 Conjurations
 - Level 5.1 Hexes
 - Level 8.1 Summonings
 - Level 6.0 Translocations
 - Level 6.0 Transmutations
 - Level 8.1 Fire Magic
 - Level 7.6 Earth Magic


You had 7 spell levels left.
You knew the following spells:

 Your Spells              Type           Power      Damage    Failure   Level
a - Magic Dart            Conj           100%       1d8       0%          1
b - Fulminant Prism       Conj/Hex       54%        3d23      1%          4
c - Iskenderun's Mystic   Conj/Tloc      100%       2d19      1%          4
e - Lightning Bolt        Conj/Air       49%        1d70      1%          5
f - Starburst             Conj/Fire      68%        6d18      1%          6
g - Orb of Destruction    Conj           64%        9d15      1%          7
h - Spellforged Servitor  Conj/Summ      56%        N/A       3%          7
i - Iron Shot             Conj/Erth      56%        9d11      1%          6

Your spell library contained the following spells:

 Spells                   Type           Power      Damage    Failure   Level
 Foxfire                  Conj/Fire      100%       2x1d9     0%          1
 Searing Ray              Conj           100%       2d8       0%          2
 Conjure Flame            Conj/Fire      100%       6-21      0%          3
 Stone Arrow              Conj/Erth      100%       3d13      0%          3
 Apportation              Tloc           100%       N/A       1%          1
 Beastly Appendage        Tmut           100%       N/A       1%          1
 Freeze                   Ice            100%       1d11      1%          1
 Necrotise                Necr           100%       1d9       1%          1
 Sandblast                Erth           100%       2d20      1%          1
 Shock                    Conj/Air       100%       1d9       1%          1
 Summon Small Mammal      Summ           100%       N/A       1%          1
 Blink                    Tloc           100%       N/A       1%          2
 Passwall                 Tmut/Erth      55%        N/A       1%          2
 Static Discharge         Conj/Air       99%        3-16/arc  1%          2
 Sublimation of Blood     Necr           29%        N/A       1%          2
 Wereblood                Tmut           64%        N/A       1%          2
 Call Canine Familiar     Summ           72%        N/A       1%          3
 Dazzling Flash           Conj/Hex       100%       N/A       1%          3
 Gell's Gravitas          Tloc           64%        N/A       1%          3
 Lesser Beckoning         Tloc           64%        N/A       1%          3
 Portal Projectile        Hex/Tloc       100%       N/A       1%          3
 Spider Form              Tmut/Pois      50%        N/A       1%          3
 Teleport Other           Tloc           64%        N/A       1%          3
 Animate Armour           Summ/Erth      100%       N/A       1%          4
 Flame Wave               Conj/Fire      100%       2d21      1%          4
 Hailstorm                Conj/Ice       99%        3d19      1%          4
 Leda's Liquefaction      Hex/Erth       32%        N/A       1%          4
 Passage of Golubria      Tloc           64%        N/A       1%          4
 Petrify                  Tmut/Erth      67%        N/A       1%          4
 Fireball                 Conj/Fire      68%        3d26      1%          5
 Irradiate                Conj/Tmut      54%        3d29      1%          5
 Summon Forest            Summ/Tloc      34%        N/A       1%          5
 Summon Lightning Spire   Summ/Air       55%        N/A       2%          4
 Freezing Cloud           Conj/Ice/Air   42%        6-21      2%          5
 Manifold Assault         Tloc           64%        N/A       2%          5
 Summon Mana Viper        Hex/Summ       66%        N/A       2%          5
 Frozen Ramparts          Ice            58%        1d13      3%          3
 Vampiric Draining        Necr           29%        2d8       3%          3
 Conjure Ball Lightning   Conj/Air       49%        3x3d17    3%          6
 Anguish                  Hex/Necr       23%        N/A       4%          4
 Summon Cactus Giant      Summ           36%        N/A       7%          6
 Airstrike                Air            14%        2d(3-19)  12%         4
 Dispersal                Tloc           32%        N/A       16%         6
 Monstrous Menagerie      Summ           36%        N/A       36%         7
 Summon Hydra             Summ           36%        N/A       36%         7
 Malign Gateway           Summ/Tloc      34%        N/A       50%         7
 Simulacrum               Ice/Necr       14%        N/A       88%         6
 Haunt                    Necr/Summ      27%        N/A       89%         7
 Lehudib's Crystal Spear  Conj/Erth      56%        10d13     28%         8
 Ignition                 Fire           46%        3d13      96%         8


Dungeon Overview and Level Annotations

Branches:
Dungeon (13/15)            Temple (0/1) D:6            Lair (5/5) D:8
 Shoals (0/4) Lair:2        Snake (0/4) Lair:3        Slime (0/5) Lair:5
    Orc (2/2) D:9             Elf (0/3) Orc:2
 Vaults: D:13-14

Altars:
Dithmenos
Elyvilon
Gozag
Hepliaklqana
Kikubaaqudgha
Nemelex Xobeh
Okawaru
Qazlal
Ru
Sif Muna
Uskayaw
Wu Jian
Xom
Yredelemnul
Zin
Lugonu

Shops:
D:1 *(*   D:3 (=   D:5 *   Orc:2 ==:[(

Portals:
Abyss: Lair:5

Annotations:
D:13 3 runed translucent doors


Message History

The vampire mosquito collides with the frost giant!
The frost giant is moderately wounded.
You destroy the vampire mosquito!
Sif Muna accepts your kill.
Your surroundings seem slightly different.
A cyclops comes into view.
Found a +0 robe.
The cyclops changes into a dream sheep!
The meliai shoots a sling bullet.
The sling bullet hits you.
The frost giant points at you and mumbles some strange words.
You hear a sizzling sound!
The tengu reaver gestures at you while chanting.
The bolt of negative energy misses you.
The meliai shoots a sling bullet.
The sling bullet barely misses you.
The fire dragon is engulfed in blazing flames.
Casting: Iskenderun's Mystic Blast (safe; 1% risk of failure)
Confirm with . or Enter, or press ? or * to list all spells.
You feel a surge of power!
You erupt in a blast of force!
The mystic blast hits the efreet!!
The efreet is heavily wounded.
The efreet is knocked back by the mystic blast.
The mystic blast hits the vampire mosquito!!
You destroy the vampire mosquito!
Sif Muna accepts your kill.
The mystic blast hits the fire dragon!
The fire dragon is moderately wounded.
The fire dragon is knocked back by the mystic blast.
The meliai shoots a sling bullet.
The sling bullet hits you.
The meliai calls down the wrath of its god upon you.
Something smites you!
The manticore flicks its tail.
The volley of spikes hits you but does no damage.
As you read the scroll of teleportation, it crumbles to dust.
You feel strangely unstable.
The orb of destruction hits the meliai!!!!
The meliai is blown up!
Sif Muna accepts your kill.
The frost giant gestures at you while chanting.
The bolt of cold hits you!!!
You feel a terrible chill!
Ouch! That really hurt!
You die...

#.#####.#########.# #.#.#####. ##
#.........####..#####.#.......
.#############..).....###########
##.........#............#........
#.........#.)...)[.....#........
##.........○☼....(...(..+........
#.........°○.Cu.Q"=$....+........
#.......*°.'....$([$....+........
#......9..§#R.D.@))Y....#........
#..........#.H†.........#........
#..))......#............#........
##))############################(
...))............................
....)............................
....................)))..........
.................................
.................................


You could see a frost giant, a fire dragon, a tengu reaver, a purple ugly thing,
a manticore, an efreet and a dream sheep shaped shifter.

Vanquished Creatures
  Rupert (D:13)
  Gastronok (Lair:3)
  The ghost of AmberJosephineTwo the Dealer of Despair, a journeyman MeNe of Kikubaaqudgha (Lair:1)
  Erolcha (D:9)
  3 hydras
  2 centaur warriors (D:13)
  Erica (D:8)
  3 two-headed ogres
  2 boulder beetles (D:13)
  6 death yaks (Lair:5)
  4 thrashing horrors (Lair:5)
  Sonja (Lair:2)
  Nergalle (D:12)
  3 orc knights
  Pikel (D:5)
  2 deep elf pyromancers
  2 cyclopes (D:11)
  6 ugly things
  2 orc sorcerers
  An oklob plant (Lair:5)
  A manticore (D:11)
  2 merfolk sirens (Lair:2)
  4 centaur zombies (D:11)
  24 elephants
  Maurice (D:13)
  4 black mambas
  A smoke demon (Lair:5)
  14 cane toads
  5 rime drakes
  15 komodo dragons
  A kobold demonologist (D:11)
  An ancient zyme (Lair:5)
  A queen bee (Lair:3)
  3 trolls
  2 merfolk (Lair:2)
  2 polar bears
  3 hornets
  Grinder (D:5)
  25 blink frogs
  A spectral black mamba (Lair:1)
  14 dream sheep
  2 slime creatures (D:13)
  3 shadows
  A centaur simulacrum (D:11)
  A wraith (D:12)
  3 ynoxinuls (Lair:5)
  A vampire (D:12)
  4 spriggans
  Eustachio (D:4)
  49 yaks
  8 basilisks
  A spectral komodo dragon (Lair:1)
  8 wyverns
  2 chaos spawn (Lair:5)
  A death yak simulacrum (Lair:1)
  5 vampire mosquitoes
  4 nagas (Lair:3)
  A large abomination (Lair:5)
  6 acid dragons
  11 water moccasins
  2 hydra simulacra (Lair:1)
  Duvessa (D:6)
  27 orc warriors
  An ice beast (D:7)
  A sky beast (D:8)
  2 black bears
  5 ogres
  23 wolves
  12 centaurs
  A lemure (D:5)
  2 phantoms
  A kobold brigand (D:8)
  10 bullfrogs
  2 gnoll sergeants
  6 scorpions
  2 cane toad simulacra (Lair:1)
  6 wights (D:7)
  Dowan (D:6)
  30 killer bees
  5 howler monkeys
  10 jellies
  9 small abominations (Lair:5)
  12 orc priests
  2 hounds (D:5)
  An iguana (D:6)
  A gnoll bouda (D:7)
  26 orc wizards
  16 gnolls
  6 adders
  An ufetubus (D:7)
  4 worms
  A dart slug (D:3)
  57 orcs
  4 endoplasms (D:1)
  2 giant cockroaches
  3 hobgoblins
  6 jackals (D:1)
  2 quokkas
  10 ball pythons
  3 bats
  4 frilled lizards
  5 goblins
  15 kobolds
  6 rats (D:1)
  2 butterflies (Lair:1)
  2 fulminant prisms
631 creatures vanquished.

Vanquished Creatures (collateral kills)
  2 centaur warriors (D:13)
  3 slime creatures (D:13)
  A cyclops (D:13)
  A manticore (D:13)
  2 gargoyles (D:13)
  2 kobold demonologists (D:13)
  A tengu conjurer (D:13)
  A meliai (D:13)
  A raiju (shapeshifter) (D:13)
  2 basilisks
  A human (shapeshifter) (D:13)
  A vampire mosquito (D:13)
  3 wargs
  8 orc warriors (Orc:2)
  3 centaurs (Orc:2)
  2 kobold brigands (D:13)
  An orc priest (Orc:1)
  An orc wizard (Orc:1)
  14 orcs
50 creatures vanquished.

Vanquished Creatures (others)
  240 fulminant prisms
  59 fungi
  136 plants
435 creatures vanquished.

Grand Total: 1116 creatures vanquished

Notes
Turn   | Place    | Note
-------+----------+-------------------------------------------
     0 | D:1      | Alarak the Deep Elf Conjurer began the quest for the Orb.
     0 | D:1      | Reached XP level 1. HP: 10/10 MP: 6/6
    51 | D:1      | Found Paetasko's General Store.
    74 | D:1      | Found Jolunta's Assorted Antiques.
   113 | D:1      | Found Tiah's Weapon Emporium.
   288 | D:1      | Reached XP level 2. HP: 15/15 MP: 5/9
   475 | D:1      | Reached skill level 1 in Hexes
   763 | D:1      | Found a faded altar of an unknown god.
   772 | D:1      | Reached XP level 3. HP: 19/19 MP: 3/10
  1738 | D:3      | Found Holos's One-of-a-Kind Rings.
  1746 | D:3      | Reached XP level 4. HP: 19/24 MP: 7/12
  1915 | D:3      | Found Astronox's Antique Weapon Emporium.
  1977 | D:3      | Reached skill level 5 in Hexes
  2398 | D:4      | Reached XP level 5. HP: 28/28 MP: 8/14
  2500 | D:4      | Noticed a black bear
  2632 | D:4      | Reached skill level 5 in Spellcasting
  2763 | D:4      | Noticed a phantom
  2840 | D:3      | Killed a phantom
  2841 | D:3      | Reached XP level 6. HP: 11/32 MP: 7/17
  3119 | D:3      | Learned a level 4 spell: Fulminant Prism
  3394 | D:4      | Found an ancient bone altar of Kikubaaqudgha.
  3559 | D:4      | Found an opulent altar of Gozag.
  3718 | D:4      | Noticed Eustachio
  3737 | D:4      | Reached XP level 7. HP: 36/36 MP: 15/21
  3749 | D:4      | Killed Eustachio
  3750 | D:4      | Reached skill level 5 in Conjurations
  3853 | D:4      | Reached skill level 6 in Conjurations
  4128 | D:5      | Entered Level 5 of the Dungeon
  4135 | D:5      | Reached skill level 7 in Conjurations
  4157 | D:5      | Reached XP level 8. HP: 31/41 MP: 15/23
  4331 | D:5      | Noticed Grinder
  4340 | D:5      | Killed Grinder
  4341 | D:5      | Reached skill level 8 in Conjurations
  4802 | D:5      | Found a shimmering blue altar of Sif Muna.
  4822 | D:5      | Noticed Pikel
  4830 | D:5      | Killed Pikel
  4831 | D:5      | Reached skill level 10 in Conjurations
  4943 | D:5      | Reached skill level 1 in Translocations
  5228 | D:5      | Found Atiol's Assorted Antiques.
  5254 | D:5      | Reached XP level 9. HP: 17/45 MP: 11/24
  5642 | D:5      | Learned a level 4 spell: Iskenderun's Mystic Blast
  5720 | D:5      | Identified the +8 dagger of Taxation {antimagic, rF+ rC+
                  | Stlth+}
  5902 | D:5      | Became a worshipper of Sif Muna the Loreminder
  6286 | D:6      | Found a staircase to the Ecumenical Temple.
  6550 | D:6      | Found an iron altar of Okawaru.
  6560 | D:6      | Noticed Duvessa
  6560 | D:6      | Noticed Dowan
  6565 | D:6      | Killed Duvessa
  6575 | D:6      | Killed Dowan
  7532 | D:7      | Reached skill level 5 in Translocations
  7853 | D:7      | Reached * piety under Sif Muna
  8067 | D:7      | Reached skill level 10 in Spellcasting
  8449 | D:7      | Identified the +4 falchion of Indomitability {vorpal, rC+
                  | Str+2}
  8522 | D:7      | Reached skill level 11 in Conjurations
  8759 | D:8      | Found a staircase to the Lair.
  8770 | D:8      | Identified the +3 helmet of Baldness {Regen+ rCorr Stlth+}
  8868 | D:8      | Reached ** piety under Sif Muna
  9057 | D:8      | Reached skill level 12 in Conjurations
  9057 | D:8      | Reached XP level 10. HP: 43/50 MP: 21/26
  9063 | D:8      | Noticed Erica
  9087 | D:8      | Killed Erica
  9573 | D:8      | Reached skill level 13 in Conjurations
  9946 | D:9      | Noticed Erolcha
  9950 | D:9      | Reached *** piety under Sif Muna
  9952 | D:9      | Killed Erolcha
  9953 | D:9      | Reached skill level 14 in Conjurations
 10091 | D:9      | Reached skill level 1 in Transmutations
 10333 | D:9      | Found a stormy altar of Qazlal.
 10411 | D:9      | Learned a level 5 spell: Irradiate
 10669 | D:9      | Upgraded the game from 0.29-a0-982-gaed3a0c8d8 to
                  | 0.29-a0-993-g4a18f31a58
 10771 | D:9      | Found a staircase to the Orcish Mines.
 10818 | D:9      | Found a glowing silver altar of Zin.
 11018 | D:9      | Found a shadowy altar of Dithmenos.
 11076 | D:10     | Entered Level 10 of the Dungeon
 11152 | D:10     | Reached skill level 5 in Transmutations
 11256 | D:10     | Noticed a two-headed ogre
 11260 | D:10     | Killed a two-headed ogre
 11261 | D:10     | Reached XP level 11. HP: 54/54 MP: 24/27
 11320 | D:10     | Found a sacrificial altar of Ru.
 11582 | D:10     | Found a sparkling altar of Nemelex Xobeh.
 11720 | D:10     | Found an ornate altar of the Wu Jian Council.
 11724 | D:10     | Found a basalt altar of Yredelemnul.
 11729 | D:10     | Found a hazy altar of Hepliaklqana.
 11945 | D:11     | Noticed a two-headed ogre
 11948 | D:11     | Killed a two-headed ogre
 11969 | D:11     | Noticed a six-headed hydra
 11975 | D:11     | Killed a six-headed hydra
 12102 | D:11     | Noticed a white ugly thing
 12109 | D:11     | Killed a white ugly thing
 12138 | D:11     | Noticed a cyan ugly thing
 12146 | D:11     | Killed a cyan ugly thing
 12263 | D:11     | Reached **** piety under Sif Muna
 12336 | D:11     | Noticed a five-headed hydra
 12356 | D:11     | Killed a five-headed hydra
 12607 | D:11     | Reached skill level 15 in Spellcasting
 12674 | D:11     | Noticed a two-headed ogre
 12835 | D:11     | Killed a two-headed ogre
 12836 | D:11     | Reached skill level 15 in Conjurations
 12836 | D:11     | Reached XP level 12. HP: 59/59 MP: 25/33
 13097 | D:11     | Learned a level 5 spell: Lightning Bolt
 13167 | D:11     | Got the Volume of Injurious Dark Magic
 13325 | D:12     | Found a white marble altar of Elyvilon.
 13688 | D:12     | Noticed Nergalle
 13693 | D:12     | Killed Nergalle
 13694 | D:12     | Reached skill level 16 in Conjurations
 14429 | Lair:1   | Entered Level 1 of the Lair of Beasts
 14763 | Lair:1   | Reached skill level 5 in Dodging
 14769 | Lair:1   | Reached ***** piety under Sif Muna
 14769 | Lair:1   | Received a gift from Sif Muna
 14770 | Lair:1   | Got Sif Muna's Tome of Flaming Fascination {god gift}
 14919 | Lair:1   | Found the +4 robe of Augmentation {Str+4 Int+4 Dex+4}
 14992 | Lair:1   | Found a shimmering altar of Xom.
 15118 | Lair:1   | Found a runed translucent gate.
 15118 | Lair:1   | Found a runed translucent gate.
 15118 | Lair:1   | Found a runed translucent gate.
 15118 | Lair:1   | Noticed AmberJosephineTwo's ghost (journeyman MeNe)
 15695 | Lair:1   | Identified a scroll of acquirement
 15744 | Lair:1   | Killed AmberJosephineTwo's ghost
 16166 | Lair:1   | Reached skill level 10 in Dodging
 16568 | Lair:2   | Reached XP level 13. HP: 63/63 MP: 34/34
 16917 | Lair:2   | Noticed Sonja
 16934 | Lair:2   | Killed Sonja
 17059 | Lair:2   | Found a white marble altar of Elyvilon.
 17089 | Lair:2   | Received a gift from Sif Muna
 17099 | Lair:2   | Got Muujimank's Commentary on Transposed Concussion {god
                  | gift}
 17107 | Lair:2   | Learned a level 6 spell: Starburst
 17270 | Lair:2   | Learned a level 3 spell: Stone Arrow
 17525 | Lair:2   | Found a staircase to the Shoals.
 17941 | Lair:3   | Reached skill level 1 in Fire Magic
 18482 | Lair:3   | Noticed Gastronok
 18754 | Lair:3   | Found a staircase to the Snake Pit.
 18761 | Lair:3   | Killed Gastronok
 18762 | Lair:3   | Reached skill level 5 in Fire Magic
 19590 | Lair:3   | Received a gift from Sif Muna
 19673 | Lair:3   | Got Sif Muna's Writings on the Quantum Sky {god gift}
 20231 | Lair:4   | Reached skill level 17 in Conjurations
 20768 | Lair:4   | Found the macabre finger necklace {rN+}
 20811 | Lair:4   | Reached XP level 14. HP: 68/68 MP: 36/36
 20817 | Lair:4   | Received a gift from Sif Muna
 20823 | Lair:4   | Got Sif Muna's Cyclopedia of Battling {god gift}
 21280 | Lair:5   | Entered Level 5 of the Lair of Beasts
 21290 | Lair:5   | Reached skill level 18 in Conjurations
 21914 | Lair:5   | Reached skill level 19 in Conjurations
 22296 | Lair:5   | Identified the ring "Qicybewn" {Fire rPois MP+9}
 22376 | Lair:5   | Received a gift from Sif Muna
 22377 | Lair:5   | Got Odghuew's Discursus on Calling and Unhallowed Rites
                  | {god gift}
 22497 | Lair:5   | Learned a level 7 spell: Spellforged Servitor
 22520 | Lair:5   | Reached skill level 1 in Summonings
 22556 | Lair:5   | Found a staircase to the Slime Pits.
 22594 | Lair:5   | Found a hide-covered altar of Uskayaw.
 23129 | Lair:5   | Reached skill level 5 in Summonings
 23638 | Lair:5   | Learned a level 6 spell: Iron Shot
 24110 | Lair:5   | Identified the +5 tower shield "Guecvyky" {rN+ Dex+6}
 24377 | Lair:5   | Found a corrupted altar of Lugonu.
 24377 | Lair:5   | Found a one-way gate to the infinite horrors of the Abyss.
 24875 | Orc:1    | Entered Level 1 of the Orcish Mines
 25294 | Orc:1    | Reached XP level 15. HP: 72/72 MP: 37/37
 25534 | Orc:1    | Reached skill level 1 in Earth Magic
 25539 | Orc:1    | Received a gift from Sif Muna
 25546 | Orc:1    | Got Sif Muna's Parchment of the Excursion {god gift}
 25791 | Orc:2    | Entered Level 2 of the Orcish Mines
 25950 | Orc:2    | Found Cais's Jewellery Shop.
 26017 | Orc:2    | Found a staircase to the Elven Halls.
 26928 | Orc:2    | Found Fimmarom's Antique Armour Shop.
 26928 | Orc:2    | Found Guoqo's Book Emporium.
 26930 | Orc:2    | Found Guklash's Jewellery Shoppe.
 26932 | Orc:2    | Found Lueshag's Weapon Boutique.
 26937 | Orc:2    | Bought Qagis's Secrets of the Incandescent Ground for 644
                  | gold pieces
 27137 | D:13     | Reached skill level 5 in Earth Magic
 27324 | D:13     | Received a gift from Sif Muna
 27325 | D:13     | Got Sif Muna's Tome of Attacks {god gift}
 27327 | D:13     | Noticed Maurice
 27332 | D:13     | Killed Maurice
 27341 | D:13     | Learned a level 7 spell: Orb of Destruction
 27823 | D:13     | Noticed Rupert
 27828 | D:13     | Paralysed by Rupert for 2 turns
 27843 | D:13     | Killed Rupert
 27992 | D:13     | Noticed a tengu reaver
 28382 | D:13     | Found a runed translucent gate.
 28382 | D:13     | Found a runed translucent gate.
 28382 | D:13     | Found a runed translucent gate.
 28401 | D:13     | Found a runed translucent gate.
 28401 | D:13     | Found a runed translucent gate.
 28401 | D:13     | Found a runed translucent gate.
 28418 | D:13     | Noticed a frost giant
 28436 | D:13     | Killed from afar by a frost giant

Illustrated notes

Levels and vault maps discovered:
D:1:      dpeg_arrival_orchard, layout_rooms, serial_shops,
          nicolae_shop_crystal, shop, shop,
          hellmonk_ecumenical_altar_dog_temple, minmay_misc_feat_five,
          minmay_domino_2
D:2:      layout_rooms, st_stairs_14
D:3:      layout_basic, serial_shops, shop, nicolae_shop_unique_rings,
          grunt_decor_one_mirror, minivault_25
D:4:      layout_rooms, mainiacjoe_overflow_24_doors, grunt_gozag_statues,
          uniq_eustachio
D:5:      layout_loops_ring, nicolae_sif_muna_little_library, serial_shops,
          nicolae_shop_statue_plus, chequers_serial_rivers_large_a,
          minmay_crystal_room, uniq_pikel, uniq_grinder
D:6:      layout_layer_cave, mainiacjoe_overflow_small_starburst,
          minmay_temple_entry_grid, uniq_duvessa
D:7:      layout_basic, kennysheep_generic_room_6
D:8:      layout_basic, lair_entry_dummy, uniq_erica
D:9:      layout_rooms, mainiacjoe_overflow_brackets,
          grunt_dithmenos_smoke_and_mirrors, nicolae_overflow_crystal_walls,
          orc_0_dummy, uniq_erolcha
D:10:     layout_rooms, mainiacjoe_overflow_six_doors_small,
          nemelex_altar_shiori, grunt_temple_overflow_diamond
D:11:     layout_cave_pools, statue_in_the_mist_lemuel, hangedman_weighted_door,
          minmay_joined_circles
D:12:     layout_gridville, elyvilon_altar_1, uniq_nergalle
D:13:     kennysheep_treasure_stockpile, layout_loops_ring, uniq_maurice,
          uniq_rupert
Lair:1:   layout_cave_pods, gammafunk_ghost_necromancy, basic_altar,
          lemuel_fruit_fields
Lair:2:   wad_woods_stonehenge, layout_regular_city, elwin_shoals_entry_stream,
          cheibrodos_lair_caveside_slide, uniq_sonja
Lair:3:   layout_long_grid, minmay_snake_entry_guardpost_small, special_room
          [special_room_bee], grunt_forest_stairs_clearing, uniq_gastronok
Lair:4:   layout_cave_pods, hibernation_bobbens, grunt_megastairs_3
Lair:5:   hellmonk_lair_end_abyssal_woods, layout_regular_city,
          nicolae_slime_entry_slimehenge, eino_small_chamber_without_monster,
          lemuel_oklob_altar
Orc:1:    nicolae_orc_accident_3, layout_caves, basic_altar
Orc:2:    st_orc_rangers, layout_caves, minmay_shop_enchanted_jewellery

Skill      XL: |  1  2  3  4  5  6  7  8  9 10 11 12 13 14 15 |
---------------+----------------------------------------------+-----
Spellcasting   | 4 6 9 10 15 16 | 16.8
Hexes          | 2 4 5 |  5.1
Conjurations   | 7 10 12 14 15 16 17 19 | 19.7
Translocations | 2 6 |  6.0
Transmutations | 6 |  6.0
Dodging        | 10 | 10.6
Fire Magic     | 8 |  8.1
Summonings     | 8 |  8.1
Earth Magic    | 7 |  7.6
Stealth        | |  2.4

Action                   |  1- 3 |  4- 6 |  7- 9 | 10-12 | 13-15 || total
-------------------------+-------+-------+-------+-------+-------++-------
Melee: Staff             |       |       |     9 |     5 |     3 ||    17
 Cast: Magic Dart        |    85 |   113 |   107 |    92 |    10 ||   407
       Fulminant Prism   |       |     2 |    50 |    99 |    91 ||   242
       Iskenderun's Myst |       |       |    13 |    70 |    68 ||   151
       Irradiate         |       |       |       |     3 |     1 ||     4
       Lightning Bolt    |       |       |       |    35 |   110 ||   145
       Starburst         |       |       |       |       |    57 ||    57
       Stone Arrow       |       |       |       |       |    18 ||    18
       Iron Shot         |       |       |       |       |    51 ||    51
       Spellforged Servi |       |       |       |       |    24 ||    24
       Orb of Destructio |       |       |       |       |     7 ||     7
Invok: Forget Spell      |       |       |       |       |     1 ||     1
  Use: Scroll            |     2 |     6 |    13 |     8 |     7 ||    36
Armor: Robe              |       |    10 |     3 |    35 |    16 ||    64
Dodge: Dodged            |     6 |    32 |    31 |    40 |   118 ||   227

Table legend: (Time is in decaauts)
 A = Elapsed time spent in this place.
 B = Non-inter-level travel time spent in this place.
 C = Inter-level travel time spent in this place.
 D = Time resting spent in this place.
 E = Time spent auto-exploring this place.
 F = Levels seen in this place.
 G = Mean time per level.
                   A        B        C        D        E       F      G
               +--------+--------+--------+--------+--------+-----+--------+
         Total |  28481 |  26988 |   1493 |  10251 |  13706 |  20 | 1424.1 |
       Dungeon |  15911 |  14949 |    962 |   5232 |   8054 |  13 | 1223.9 |
          Lair |  10413 |   9963 |    450 |   4571 |   4299 |   5 | 2082.6 |
  Orcish Mines |   2157 |   2077 |     80 |    448 |   1352 |   2 | 1078.5 |
               +--------+--------+--------+--------+--------+-----+--------+

Top non-repeatable levels by time:
  Lair:5: 2628 daAuts
  Lair:4: 2449 daAuts
  Lair:1: 1888 daAuts
     D:5: 1810 daAuts
  Lair:2: 1786 daAuts
  Lair:3: 1660 daAuts
     D:3: 1549 daAuts
     D:6: 1434 daAuts
     D:8: 1372 daAuts
     D:7: 1369 daAuts
    D:13: 1343 daAuts
    D:11: 1253 daAuts
   Orc:2: 1225 daAuts
    D:12: 1087 daAuts
     D:9: 1085 daAuts
